Map: 10000 Feet LE

Players

Shishmish

  • Race: Terran Terran
  • Spawn Location: 5:00

SCIInewby - Winner!

  • Race: Protoss Protoss
  • League: Master
  • Spawn Location: 11:00

VOD

Have the link to the VOD?

Description

Time

  • Played on: Feb. 10, 2026, 10:25 a.m.
  • Length: 11:20
Show
View Real Time Build Order
Export as new Build Order

Shishmish Terran 

Build Orders:  

Get SALT Encoding   

  12  0:00  SCV  
  13  0:17  Supply Depot  
  13  0:18  SCV  
  14  0:30  SCV  
  15  0:42  Barracks  
  15  0:43  SCV  
  16  0:50  Refinery  
  16  1:05  SCV  
  17  1:18  Supply Depot  
  17  1:33  SCV  
  17  1:35  Marine  
  19  1:45  SCV  
  20  1:53  Barracks  
  20  1:56  Marine  
  21  2:16  Marine  
  23  2:22  SCV  
  23  2:29  Factory  
  23  2:33  Refinery  
  23  2:34  Marine  
  23  2:35  SCV  
  25  2:43  Marine  
  26  2:52  Marine  
  26  2:54  Engineering Bay  
  26  2:55  SCV  
  28  3:01  Marine  
  29  3:09  SCV, Marine  
  31  3:13  Factory Tech Lab  
  31  3:32  Orbital Command  
  31  3:39  Barracks  
  29  4:03  Siege Tank  
  29  4:09  Marine x2  
  31  4:26  Supply Depot  
  31  4:46  Terran Infantry Weapons Level 1  
  31  4:48  Marine x3, SCV  
  31  4:49  Supply Depot  
  35  4:57  Command Center  
  35  5:01  Starport, Siege Tank  
  35  5:05  Marine  
  39  5:10  Marine  
  39  5:12  Supply Depot  
  32  5:43  Liberator  
  32  5:47  Marine x3  
  38  5:50  Siege Tank  
  41  6:05  Marine x3  
  41  6:11  Supply Depot  
  44  6:26  Liberator  
  47  6:33  Supply Depot  
  39  6:47  Marine x3  
  39  6:48  Siege Tank  
  39  6:52  SCV  
  46  6:54  SCV  
  46  6:56  Supply Depot  
  47  7:04  SCV  
  47  7:05  Marine x3  
  47  7:06  SCV  
  52  7:09  Liberator  
  55  7:16  SCV  
  55  7:20  Siege Tank  
  53  7:28  SCV  
  51  7:38  Marine  
  51  7:39  Marine x2  
  51  7:40  SCV  
  53  7:52  Liberator  
  53  7:53  Siege Tank  
  53  7:56  Marine x2  
  53  7:57  Marine  
  61  8:12  SCV  
  62  8:14  SCV, Marine x3  
  66  8:24  SCV  
  66  8:25  Siege Tank  
  66  8:26  SCV  
  71  8:32  Marine x3  
  74  8:36  SCV  
  74  8:38  SCV  
  76  8:48  SCV  
  76  8:50  Marine, SCV  
  79  8:57  Siege Tank  
  79  9:01  SCV  
  79  9:02  SCV  
  71  9:07  Marine x3  
  69  9:25  Marine x3  
  69  9:29  Siege Tank  
  75  9:36  Viking  
  75  9:37  Command Center  
  77  9:42  Missile Turret, Marine  
  77  9:43  Marine x2  
  80  9:59  Missile Turret  
  80  10:00  Marine  
  80  10:01  Siege Tank  
  80  10:02  Missile Turret  
  80  10:06  Refinery, Viking  
  86  10:18  Missile Turret  
  86  10:22  Missile Turret  
  86  10:36  Viking  
  86  10:38  Marine  
  86  10:39  Marine x2  
  86  10:40  Missile Turret  
  86  10:41  Siege Tank  
  94  10:46  Missile Turret  
  94  10:56  Marine x2  
  94  10:57  Marine  
  97  11:05  Missile Turret  
Show
View Real Time Build Order
Export as new Build Order

SCIInewby Protoss - Winner!

Build Orders: 1 Gate Expand 

Get SALT Encoding   

  12  0:02  Probe  
  13  0:15  Probe  
  14  0:23  Pylon  
  14  0:27  Probe  
  15  0:41  Probe  
  16  0:43  Gateway  
  16  1:02  Probe  
  17  1:17  Nexus  
  17  1:26  Pylon  
  17  1:33  Cybernetics Core  
  17  1:38  Assimilator, Probe  
  18  1:46  Probe  
  19  1:57  Forge  
  19  2:01  Zealot  
  20  2:15  Probe  
  21  2:28  Probe  
  22  2:33  Probe  
  22  2:34  Photon Cannon  
  22  2:36  Probe  
  23  2:41  Probe  
  23  2:43  Gateway  
  24  2:44  Probe  
  24  2:50  Probe  
  26  2:54  Probe, Assimilator  
  28  3:00  Assimilator  
  28  3:02  Probe, Warp Gate  
  29  3:06  Probe  
  29  3:11  Pylon  
  30  3:14  Probe  
  30  3:17  Assimilator  
  30  3:18  Probe  
  32  3:26  Probe, Stalker  
  33  3:33  Zealot  
  37  3:34  Probe  
  37  3:38  Probe  
  39  3:46  Probe  
  40  3:49  Pylon  
  40  3:50  Probe  
  41  3:57  Pylon  
  39  4:08  Probe x2  
  40  4:19  Photon Cannon  
  40  4:20  Probe x2  
  40  4:22  Shield Battery  
  42  4:32  Probe x2  
  42  4:33  Photon Cannon  
  44  4:42  Pylon  
  44  4:44  Probe x2  
  46  4:46  Pylon  
  46  4:49  Pylon  
  46  4:51  Zealot x2  
  50  4:56  Probe  
  50  4:59  Probe  
  52  5:00  Pylon  
  52  5:08  Probe  
  52  5:11  Probe  
  54  5:17  Pylon  
  54  5:21  Twilight Council  
  50  5:30  Zealot  
  50  5:31  Zealot  
  52  5:37  Gateway  
  52  5:39  Gateway  
  52  5:40  Probe x2, Gateway  
  54  5:52  Probe x2  
  54  5:55  Pylon  
  56  5:59  Pylon  
  56  6:02  Pylon  
  56  6:04  Nexus, Probe x2  
  58  6:11  Assimilator  
  58  6:13  Charge  
  58  6:15  Assimilator  
  58  6:16  Probe x2  
  58  6:17  Zealot x2  
  60  6:38  Stalker, Zealot  
  60  6:39  Zealot x3  
  66  6:58  Probe x2  
  68  7:03  Pylon  
  68  7:05  Stalker  
  68  7:06  Pylon  
  68  7:07  Zealot  
  71  7:09  Zealot x3  
  71  7:10  Probe x2  
  71  7:29  Stalker x2  
  73  7:30  Stalker x3  
  79  7:38  Probe  
  79  7:39  Probe x2  
  82  7:46  Stargate  
  82  7:50  Stargate  
  82  7:51  Probe x3  
  75  7:53  Protoss Ground Weapons Level 1  
  75  7:57  Zealot x3  
  75  7:58  Zealot x2  
  81  8:03  Probe  
  82  8:12  Probe x2  
  84  8:15  Probe  
  85  8:23  Stalker x2  
  85  8:24  Probe x2  
  85  8:26  Nexus, Zealot  
  93  8:27  Probe  
  94  8:36  Probe  
  95  8:43  Probe x2  
  90  8:48  Probe  
  77  8:58  Zealot x3  
  77  8:59  Zealot x2  
  77  9:20  Probe  
  77  9:21  Probe x2  
  80  9:33  Probe x3  
  83  9:41  Probe  
  83  9:42  Photon Cannon  
  83  9:44  Photon Cannon  
  83  9:45  Probe x3  
  87  9:46  Pylon  
  87  9:48  Stalker x2  
  87  9:49  Stalker x3, Pylon  
  87  9:52  Pylon  
  97  10:11  Fleet Beacon  
  97  10:13  Probe x3  
  100  10:16  Probe  
  100  10:19  Zealot x2  
  100  10:20  Zealot x3  
  111  10:21  Assimilator  
  111  10:22  Assimilator  
  111  10:25  Void Ray  
  111  10:27  Void Ray  
  119  10:39  Probe  
  119  10:40  Probe x3  
  123  10:51  Zealot x5, Probe  
  123  10:52  Probe  
Tags
 
League
Master
Matchup
PvT
Replay Pack
Multiplayer
Spawn Locations
Cross Positions
Add a new tag
Caveats
  • Supply blocks, unpowered buildings, or Contaminate may cause inaccurate times.
  • Supply counts are checked every 10 seconds.